 Dungeon Crawl Stone Soup version 0.22-a0-93-g6b88ebb (webtiles) character file.

55 Kavrick the Grave Robber (level 3, -2/24 HPs)
             Began as a Demonspawn Necromancer on Jan 24, 2018.
             Slain by a goblin
             ... wielding a +0 dagger
             ... led by Robin
              (3 damage)
             ... on level 1 of the Dungeon.
             The game lasted 00:05:18 (2721 turns).

Kavrick the Grave Robber (Demonspawn Necromancer)   Turns: 2721, Time: 00:05:19

Health: -2/24      AC:  3    Str:  8    XL:     3   Next: 67%
Magic:  0/6        EV: 12    Int: 17    God:
Gold:   69         SH:  0    Dex: 13    Spells: 2/7 levels left

rFire    . . .     SeeInvis .   h - +0 whip
rCold    . . .     Gourm    .   (no shield)
rNeg     . . .     Faith    .   a - +0 robe
rPois    .         Spirit   +   (no helmet)
rElec    .         Reflect  .   f - +0 cloak
rCorr    .         Harm     .   (no gloves)
MR       .....                  (no boots)
Stlth    ++........             (no amulet)
HPRegen  0.08/turn              (no ring)
MPRegen  0.10/turn              (no ring)

@: no status effects
A: magic shield, rot immunity
a: no special abilities


You were on level 1 of the Dungeon.
You were not hungry.

You visited 1 branch of the dungeon, and saw 2 of its levels.

You collected 69 gold pieces.

Inventory:

Hand Weapons
 h - a +0 whip (weapon)
Armour
 a - a +0 robe (worn)
 f - a +0 cloak (worn)
Jewellery
 e - a cursed ring of teleportation {unknown}
Scrolls
 j - a scroll of remove curse {unknown}
Potions
 d - a potion of heal wounds {unknown}
 g - a potion of brilliance {unknown}
 i - a potion of curing {unknown}
Books
 b - a book of Necromancy

   Spells                             Type                      Level
   a - Pain                           Necromancy                   1
   b - Animate Skeleton               Necromancy                   1
   c - Vampiric Draining              Necromancy                   3
   d - Regeneration                   Charms/Necromancy            3
   e - Animate Dead                   Necromancy                   4
Comestibles
 c - a ration


   Skills:
 - Level 1.7 Dodging
 - Level 1.7 Stealth
 + Level 2.6 Spellcasting
 + Level 0.4 Charms
 * Level 5.4 Necromancy


You had 2 spell levels left.
You knew the following spells:

 Your Spells              Type           Power        Failure   Level  Hunger
a - Pain                  Necr           ###.         1%          1    #......
b - Regeneration          Chrm/Necr      ##........   16%         3    ###....
c - Animate Skeleton      Necr           N/A          1%          1    #......


Dungeon Overview and Level Annotations

Branches:
Dungeon (2/15)

Altars:

Annotations:
D:2 Robin


Innate Abilities, Weirdness & Mutations

When hurt, damage is shared between your health and your magic reserves.
You are immune to rotting.


Message History

The goblin barely resists.
The goblin hits you with a dagger.
* * * LOW HITPOINT WARNING * * *
Casting: Pain
Confirm with . or Enter, or press ? or * to list all spells.
Aiming: Pain
Press: ? - help, Shift-Dir - straight line, f/p - goblin
Aim: a goblin, wielding a dagger (unusually strong, chance to defeat MR: 90%)
The goblin barely resists.
The goblin hits you but does no damage.
Casting: Pain
Confirm with . or Enter, or press ? or * to list all spells.
Aiming: Pain
Press: ? - help, Shift-Dir - straight line, f/p - goblin
Aim: a goblin, wielding a dagger (unusually strong, chance to defeat MR: 90%)
The goblin barely resists.
The goblin hits you with a dagger.
* * * LOW HITPOINT WARNING * * *
You closely miss the goblin. The goblin barely misses you.
You hit the goblin.
The goblin is severely wounded.
The goblin hits you with a dagger.
You die...

############# ##### #.........##.
##...##########.........##.
#######........)@g.............#.
....).#......###...##...)....)...
#####.#......# #>..##.........#..
#...#.#.#....# #...##.........#..
#.#.#.#.#....###.................
#.#.#.#.#####.......#.........##.
#.#.#.#.# #.......#############
#.#.#.#.# #.................# #
###.#.#.# #........########.# #


You could see a goblin.

Vanquished Creatures
  An ooze (D:1)
  A worm (D:2)
  A leopard gecko (D:1)
  A ball python (D:1)
  16 goblins
  4 hobgoblins (D:1)
  2 jackals
  2 bats
  2 frilled lizards
  5 kobolds (D:1)
  9 rats
44 creatures vanquished.

Notes
Turn   | Place    | Note
-------+----------+-------------------------------------------
     0 | D:1      | Kavrick the Demonspawn Necromancer began the quest for the Orb.
     0 | D:1      | Reached XP level 1. HP: 13/13 MP: 3/3
   246 | D:1      | Gained mutation: You are immune to rotting. [demonic ancestry]
   246 | D:1      | Reached XP level 2. HP: 8/19 MP: 0/5
   740 | D:1      | Reached skill level 5 in Necromancy
  1136 | D:1      | Gained mutation: When hurt, damage is shared between your health and your magic reserves. [demonic ancestry]
  1136 | D:1      | Reached XP level 3. HP: 22/24 MP: 2/6
  1680 | D:2      | Learned a level 3 spell: Regeneration
  1686 | D:2      | Learned a level 1 spell: Animate Skeleton
  1822 | D:2      | Noticed Robin
  2719 | D:1      | HP: 1/24 [goblin/dagger[Robin] (1)]
  2721 | D:1      | Slain by a goblin

Vault maps used:
D:1:      minmay_arrival_four_loops
D:2:      xom_teletrap_fun, uniq_robin

Skill      XL: |  1  2 |
---------------+-------+-----
Necromancy     | 5 |  5.4
Dodging        | |  1.7
Stealth        | |  1.7
Spellcasting   | |  2.6
Charms         | |  0.4

Action                   || total
-------------------------++-------
Melee: Unarmed           ||     8
       Short sword       ||     6
       Whip              ||    60
 Cast: Pain              ||    62
       Regeneration      ||     1
  Eat: Chunk             ||     6
Armor: Robe              ||    22
Dodge: Dodged            ||   107

Table legend:
 A = Spawn XP
 B = Non-spawn XP
 C = Spawn XP percentage of total XP
 D = Spawn monster count
 E = Non-spawn monster count
 F = Spawn count percentage of total count
 G = Total turns spent on level
                    A         B        C        D         E        F      G
               +---------+---------+-------+---------+---------+-------+---------
         Total |       0 |      79 |   0.0 |       0 |      44 |   0.0 |  2721
               +---------+---------+-------+---------+---------+-------+---------
           D:1 |       0 |      56 |   0.0 |       0 |      32 |   0.0 |  2374
           D:2 |       0 |      23 |   0.0 |       0 |      12 |   0.0 |   347
               +---------+---------+-------+---------+---------+-------+---------
